 Dungeon Crawl Stone Soup version 0.22-a0-348-gd16d139 (webtiles) character file.

3782 vishdafish the Skirmisher (level 9, 0/73 HPs)
             Began as a Demonspawn Skald on Apr 11, 2018.
             Was a Priest of Vehumet.
             Succumbed to a hornet's poison
             ... on level 8 of the Dungeon.
             The game lasted 00:13:53 (5888 turns).

vishdafish the Skirmisher (Demonspawn Skald)        Turns: 5888, Time: 00:13:54

Health: 0/73       AC: 11    Str: 12    XL:     9   Next: 95%
Magic:  10/15      EV: 13    Int: 18    God:    Vehumet [***...]
Gold:   155        SH:  5    Dex: 12    Spells: 8/16 levels left

rFire    . . .     SeeInvis .   C - +0 trident
rCold    + . .     Gourm    .   p - +0 buckler
rNeg     . . .     Faith    .   e - +3 leather armour {rC+}
rPois    .         Spirit   +   (no helmet)
rElec    .         Reflect  .   (no cloak)
rCorr    .         Harm     .   (gloves unavailable)
MR       .....                  (no boots)
Stlth    +.........             (no amulet)
HPRegen  0.22/turn              j - ring of wizardry
MPRegen  0.14/turn              l - +4 ring of protection

@: lethally poisoned (0 -> -1)
A: claws 3, rugged brown scales 1, spiny 1, magic shield
a: Renounce Religion


You were on level 8 of the Dungeon.
You worshipped Vehumet.
Vehumet was most pleased with you.
You were not hungry.

You visited 1 branch of the dungeon, and saw 8 of its levels.
You also visited: Ossuary.

You collected 215 gold pieces.
You spent 60 gold pieces at shops.

Inventory:

Hand Weapons
 a - a +0 spear
 w - the +8 morningstar of Sequestration {crush, rElec rC- rN+++ Dex+2}
   (You found it on level 5 of the Dungeon)

   It inflicts extra damage upon your enemies.
   It affects your dexterity (+2).
   It makes you vulnerable to cold.
   It insulates you from electricity.
   It renders you almost immune to negative energy.
 C - a +0 trident (weapon)
Armour
 b - a +0 leather armour
 e - a +3 leather armour of cold resistance (worn)
 p - a +0 buckler (worn)
Jewellery
 j - a ring of wizardry (left claw)
 l - a +4 ring of protection (right claw)
 v - an uncursed ring of resist corrosion
Scrolls
 c - a scroll of blinking {unknown}
 f - 3 scrolls of enchant armour
 g - 3 scrolls of fog
 h - 5 scrolls of remove curse
 k - 3 scrolls of teleportation {unknown}
 q - a scroll of magic mapping {unknown}
 r - a scroll of summoning {unknown}
 y - a scroll of amnesia {unknown}
 D - a scroll of identify
Potions
 s - a potion of heal wounds {unknown}
 t - 2 potions of haste
 u - a potion of magic {unknown}
 x - 2 potions of flight
 A - 2 potions of brilliance
 B - a potion of mutation {unknown}
Comestibles
 d - 12 rations


   Skills:
 + Level 6.4 Fighting
 + Level 6.0 Polearms
 - Level 1.3 Armour
 + Level 4.8 Dodging
 - Level 0.1 Stealth
 + Level 5.6 Shields
 - Level 4.3 Spellcasting
 * Level 3.4 Conjurations
 - Level 3.2 Charms
 - Level 4.1 Translocations


You had 8 spell levels left.
You knew the following spells:

 Your Spells              Type           Power        Failure   Level  Hunger
a - Infusion              Chrm           ###.         1%          1    None
b - Song of Slaying       Chrm           ###.....     2%          2    ##.....
c - Shroud of Golubria    Chrm/Tloc      ###.......   2%          2    ##.....
d - Mephitic Cloud        Conj/Pois/Air  #.......     4%          3    ###....


Dungeon Overview and Level Annotations

Branches:
Dungeon (8/15)             Temple (0/1) D:7
   Lair: D:8-11

Altars:
Qazlal
Vehumet
Wu Jian
Xom
The Shining One

Shops:
D:4 *   D:7 =


Innate Abilities, Weirdness & Mutations

You have claws for hands.
You are partially covered in rugged brown scales. (AC +1, +3% HP)
You are partially covered in sharp spines.
When hurt, damage is shared between your health and your magic reserves.


Message History

Your +3 leather armour of cold resistance unmelds from your body.
You feel resistant to cold.
You feel sick. The phantom is struck by your spines. The phantom hits you!
* * * LOW HITPOINT WARNING * * *
You turn into a tree.
Your +3 leather armour of cold resistance melds into your body.
You feel less resistant to cold.
Your roots penetrate the ground.
The phantom hits you but does no damage.
It was a potion of might.
You feel very mighty all of a sudden.
The phantom hits you but does no damage.
It was a potion of cancellation.
Your magical effects are unravelling.
You feel magically purged.
Your magical contamination has completely faded away.
You feel less wooden.
Your +3 leather armour of cold resistance unmelds from your body.
You feel resistant to cold.
You feel a little less mighty now.
You die...

########....##W......#
#......'.....'.......#
#.######..............
#...# #.....Z####....
###.# #.....## #.. #.#
#....#.# . #.#
#..Z###.#. #.# ###W#
#.# #.# ####@# #.#.#
#.# #....##.# #.# ..
#.# #.#....# #. ...
#.# #.##..### ####...
#.###.##....##.#.(.
#.....[........... ..
#####.##..#.....#..##
....................
.###.####..#.##.....


You could see a phantom and a hound skeleton.

Vanquished Creatures
  A queen bee (D:7)
  Grinder (D:6)
  A hornet (D:8)
  A hungry ghost (D:7)
  Duvessa (D:5)
  A water moccasin (D:7)
  A sky beast (D:6)
  A black bear (D:7)
  4 ogres
  2 ice beasts
  3 centaurs
  4 bullfrogs
  A gnoll sergeant (D:5)
  Dowan (D:5)
  2 scorpions
  15 killer bees
  A crimson imp (D:6)
  4 hounds
  A jelly (D:6)
  3 orc priests
  5 orc wizards
  3 worker ants
  A statue (D:5)
  2 hound skeletons (D:6)
  A mummy (Ossuary)
  4 gnolls
  8 adders
  2 shadow imps
  An ooze (D:1)
  An adder skeleton (D:8)
  An adder zombie (D:8)
  A dart slug (D:3)
  3 leopard geckos
  25 orcs
  A ball python (D:2)
  6 giant cockroaches
  3 goblins
  5 hobgoblins
  3 jackals (D:6)
  3 quokkas
  8 bats
  4 frilled lizards
  5 gnoll skeletons (Ossuary)
  4 gnoll zombies (Ossuary)
  A goblin zombie (Ossuary)
  2 hobgoblin skeletons (Ossuary)
  2 hobgoblin zombies (Ossuary)
  2 jackal zombies
  8 kobolds
  3 kobold skeletons (Ossuary)
  3 kobold zombies (Ossuary)
  A leopard gecko zombie (D:5)
  2 orc skeletons (Ossuary)
  4 orc zombies (Ossuary)
  4 rats
  4 rat skeletons (Ossuary)
  4 rat zombies (Ossuary)
189 creatures vanquished.

Vanquished Creatures (others)
  Menkaure (Ossuary)
  2 mummies (Ossuary)
  2 gnoll zombies (Ossuary)
  4 goblin skeletons (Ossuary)
  2 goblin zombies (Ossuary)
  A hobgoblin skeleton (Ossuary)
  A kobold skeleton (Ossuary)
  An orc skeleton (Ossuary)
  2 rat skeletons (Ossuary)
  3 rat zombies (Ossuary)
19 creatures vanquished.

Grand Total: 208 creatures vanquished

Notes
Turn   | Place    | Note
-------+----------+-------------------------------------------
     0 | D:1      | vishdafish the Demonspawn Skald began the quest for the Orb.
     0 | D:1      | Reached XP level 1. HP: 16/16 MP: 3/3
   339 | D:1      | Gained mutation: You are partially covered in sharp spines. [demonic ancestry]
   339 | D:1      | Reached XP level 2. HP: 21/22 MP: 5/5
   377 | D:1      | Reached skill level 1 in Armour
   438 | D:1      | Learned a level 2 spell: Song of Slaying
   441 | D:1      | Learned a level 2 spell: Shroud of Golubria
   667 | D:2      | Gained mutation: You are partially covered in rugged brown scales. (AC +1, +3% HP) [demonic ancestry]
   667 | D:2      | Reached XP level 3. HP: 21/27 MP: 3/6
  1096 | D:3      | Gained mutation: You have sharp fingernails. [demonic ancestry]
  1096 | D:3      | Reached XP level 4. HP: 33/33 MP: 4/7
  1106 | D:3      | Found a faded altar of an unknown god.
  1322 | D:3      | Found a glowing golden altar of the Shining One.
  1494 | D:4      | Found Tyffeh's General Store.
  1500 | D:4      | Bought a scroll of identify for 24 gold pieces
  1500 | D:4      | Bought a potion of curing for 36 gold pieces
  1632 | D:4      | Reached skill level 1 in Translocations
  1694 | D:4      | Reached XP level 5. HP: 16/40 MP: 3/8
  1704 | D:4      | HP: 3/61 [orc wizard/dagger (2)]
  1707 | D:4      | HP: 1/41 [poisoned by a scorpion]
  1826 | D:4      | Noticed Duvessa
  1827 | D:4      | Noticed Dowan
  1840 | D:5      | Entered Level 5 of the Dungeon
  1878 | D:5      | Killed Duvessa
  1878 | D:5      | Gained mutation: When hurt, damage is shared between your health and your magic reserves. [demonic ancestry]
  1878 | D:5      | Reached XP level 6. HP: 17/48 MP: 8/10
  1897 | D:4      | HP: 1/48 [orc wizard/puff of flame (6)]
  2107 | D:5      | Killed Dowan
  2163 | D:5      | Gained mutation: You have very sharp fingernails. [demonic ancestry]
  2163 | D:5      | Reached XP level 7. HP: 53/53 MP: 2/12
  2232 | D:5      | Found a shimmering altar of Xom.
  2284 | D:5      | Reached skill level 1 in Shields
  2362 | D:5      | Found a radiant altar of Vehumet.
  2394 | D:5      | Became a worshipper of Vehumet
  2523 | D:5      | Gained mutation: You have claws for hands. [demonic ancestry]
  2523 | D:5      | Reached XP level 8. HP: 34/61 MP: 6/13
  2706 | D:5      | Got a fine morningstar
  2707 | D:5      | Identified the +8 morningstar of Sequestration {crush, rElec rC- rN+++ Dex+2} (You found it on level 5 of the Dungeon)
  2815 | D:6      | Noticed Grinder
  2828 | D:6      | Killed Grinder
  3043 | D:6      | Reached skill level 5 in Fighting
  3286 | D:6      | Reached skill level 5 in Polearms
  3533 | D:6      | Reached * piety under Vehumet
  3533 | D:6      | Offered knowledge of Shock by Vehumet.
  3550 | D:6      | Learned a level 3 spell: Mephitic Cloud
  3578 | D:6      | Found a stormy altar of Qazlal.
  3706 | D:7      | Found a sand-covered staircase.
  3713 | Ossuary  | Entered an ossuary
  3875 | Ossuary  | Offered knowledge of Flame Tongue by Vehumet.
  3897 | Ossuary  | Reached ** piety under Vehumet
  3951 | Ossuary  | Reached XP level 9. HP: 70/70 MP: 14/14
  3994 | Ossuary  | Killed Menkaure
  4081 | D:7      | Found Cetaf's Jewellery Boutique.
  4276 | D:7      | Found an ornate altar of the Wu Jian Council.
  4506 | D:7      | Reached skill level 5 in Shields
  4676 | D:7      | Offered knowledge of Throw Flame by Vehumet.
  4787 | D:7      | Found a staircase to the Ecumenical Temple.
  4879 | D:7      | Reached skill level 1 in Conjurations
  5124 | D:8      | Noticed a queen bee
  5451 | D:7      | Killed a queen bee
  5850 | D:8      | Paralysed by a hornet for 3 turns
  5853 | D:8      | HP: 5/109 [poisoned by a hornet]
  5859 | D:8      | HP: 4/109 [hornet (5)]
  5869 | D:8      | Reached *** piety under Vehumet
  5882 | D:8      | HP: 5/109 [poisoned by a hornet]
  5885 | D:8      | HP: 1/73 [phantom (2)]
  5888 | D:8      | Succumbed to a hornet's poison

Vault maps used:
D:1:      minmay_arrival_semitransparent, glass_columns_a
D:3:      chequers_ecumenical_altar_simple, tso_metal_star
D:4:      kennysheep_little_box, first_ration, serial_shops, shop, uniq_duvessa
D:5:      lemuel_crystal_altar, vehumet_statue
D:6:      basic_altar, uniq_grinder
D:7:      nicolae_overflow_crystal_walls, minmay_temple_entry_fiery,
          chequers_ossuary_entry_cave, glass_columns_b, kennysheep_windowed_goal
D:8:      nicolae_overflow_hidden_temple, lemuel_doored_altar, david_nohive_1
Ossuary:  ossuary_due_pyramid

Skill      XL: |  1  2  3  4  5  6  7  8  9 |
---------------+----------------------------+-----
Polearms       | 2 3 4 5 6 |  6.0
Charms         | 3 |  3.2
Armour         | 1 |  1.3
Dodging        | 2 3 4 |  4.8
Translocations | 1 2 3 4 |  4.1
Fighting       | 3 4 5 6 |  6.4
Spellcasting   | 3 4 |  4.3
Shields        | 2 4 5 |  5.6
Conjurations   | 3 |  3.4
Stealth        | |  0.1

Action                   |  1- 3 |  4- 6 |  7- 9 || total
-------------------------+-------+-------+-------++-------
Melee: Spear             |   108 |   153 |   397 ||   658
       Morningstar       |       |       |     1 ||     1
       Trident           |       |       |   170 ||   170
 Cast: Infusion          |     1 |     1 |     4 ||     6
       Shroud of Golubri |    10 |     7 |    15 ||    32
       Song of Slaying   |     2 |     2 |    13 ||    17
  Use: Scroll            |     1 |     2 |     7 ||    10
       Potion            |       |     7 |    10 ||    17
 Stab: Invisible         |       |       |     7 ||     7
  Eat: Chunk             |     1 |     3 |     6 ||    10
       Ration            |       |       |     4 ||     4
Armor: Leather armour    |    27 |    66 |   126 ||   219
       Skin              |       |       |    57 ||    57
Dodge: Dodged            |    59 |    80 |   245 ||   384
Block: Buckler           |       |       |    70 ||    70

Table legend:
 A = Spawn XP
 B = Non-spawn XP
 C = Spawn XP percentage of total XP
 D = Spawn monster count
 E = Non-spawn monster count
 F = Spawn count percentage of total count
 G = Total turns spent on level
                    A         B        C        D         E        F      G
               +---------+---------+-------+---------+---------+-------+---------
         Total |       0 |    5403 |   0.0 |       0 |     184 |   0.0 |  5888
               +---------+---------+-------+---------+---------+-------+---------
           D:1 |       0 |      32 |   0.0 |       0 |      18 |   0.0 |   583
           D:2 |       0 |      66 |   0.0 |       0 |      14 |   0.0 |   511
           D:3 |       0 |      39 |   0.0 |       0 |      14 |   0.0 |   400
           D:4 |       0 |     291 |   0.0 |       0 |      16 |   0.0 |   556
           D:5 |       0 |    1298 |   0.0 |       0 |      33 |   0.0 |   991
           D:6 |       0 |    1042 |   0.0 |       0 |      19 |   0.0 |   624
           D:7 |       0 |    1985 |   0.0 |       0 |      31 |   0.0 |  1729
           D:8 |       0 |     613 |   0.0 |       0 |       9 |   0.0 |   166
       Ossuary |       0 |      37 |   0.0 |       0 |      30 |   0.0 |   328
               +---------+---------+-------+---------+---------+-------+---------
